[Event "14th Karen Asrian Memorial 2024"]
[Site "Yerevan"]
[Date "2024.04.26"]
[Round "3.8"]
[White "Atoyan, Alberto"]
[Black "Sanikidze, Tornike"]
[Result "0-1"]
[ECO "B12"]
[WhiteElo "2243"]
[BlackElo "2453"]
[Annotator "TA"]
[PlyCount "58"]
[EventDate "2024.04.24"]
[EventType "swiss"]
[EventCountry "ARM"]
[SourceTitle "playchess.com"]
[Source "ChessBase"]
[SourceQuality "1"]
[TimeControl "40/5400+30:1800+30"]

1. d4 d6 2. e4 c6 3. Nc3 Qc7 4. f4 e5 5. Nf3 Bg4 6. Be3 (6. fxe5 dxe5 7. Bc4 (7. dxe5 Nd7 $11) 7... exd4 8. Qxd4 Nd7 $14) 6... Be7 7. Be2 (7. fxe5 dxe5 8. Qd2 (8. dxe5 Nd7 $11) 8... Nd7 $11) 7... Nd7 8. Qd2 {[%emt 0:03:12] White is slightly better.} Ngf6 9. h3 Bxf3 10. Bxf3 O-O-O ({Black should play} 10... O-O $14) 11. O-O-O Nb6 12. Qe2 {[%emt 0:03:21] Wards off Nc4} (12. b3 $16) 12... Kb8 13. g4 Rhe8 14. g5 Nfd7 15. h4 exd4 16. Bxd4 d5 $1 17. Bxg7 Qxf4+ 18. Kb1 Bf8 19. Bxf8 Nxf8 20. Qf2 (20. Qh2 {simplifies} Qxh2 21. Rxh2 d4 22. Ne2) 20... Nc4 $36 {[%emt 0:11:03][%mdl 2048] Black is pushing.} 21. exd5 Re3 22. dxc6 (22. Rhf1 $11 {keeps the balance.} Nxb2 23. Kxb2 Qb4+ 24. Ka1 Qxc3+ 25. Kb1) 22... Rxd1+ $17 (22... Qxf3 $2 23. Rxd8+ Kc7 24. Qxf3 Rxf3 25. cxb7 (25. Rxf8 bxc6 26. Rh8 Rf5 $18) 25... Kxb7 26. Rxf8 $18) 23. Rxd1 {[%emt 0:01:24][%cal Oc3b5] [#] Black must now prevent Nb5!} Qxf3 (23... Rxf3 $2 24. Nb5 $18 (24. c7+ Kc8 $18) (24. c7+ Kc8 $18)) 24. Qh2+ (24. Qxf3 $17 Rxf3 25. cxb7 (25. Rd8+ $2 Kc7 $19) 25... Kxb7 26. Rh1) 24... Qg3 (24... Kc8 $19 25. cxb7+ Qxb7) 25. Qh1 $2 {[%emt 0:00:28][%mdl 8192] This costs White the game.} (25. Qxg3+ $17 Rxg3 26. a3 (26. Rd8+ Kc7 $17) (26. Ne4 Re3 $17)) 25... Rxc3 $19 26. Rd8+ Kc7 27. Rxf8 Re3 {[%emt 0:00:42] Black mates.} 28. Rxf7+ {[%emt 0:00:08] [#]} Kb6 $1 {[%emt 0:00:12] Active counter play!} 29. Rxb7+ Ka6 {[%emt 0:00:07] Weighted Error Value: White=1.16/Black=0.13 (very precise) .  Loses game:     	White=1     	---        Mistake:       	White=3     	Black=2      Inaccurate:     	White=3     	---        OK:         	White=3     	Black=9      Best:        	White=1     	Black=3      Strong:       	---       	Black=1} 0-1

[Event "14th Karen Asrian Memorial 2024"]
[Site "Yerevan"]
[Date "2024.04.27"]
[Round "4.1"]
[White "Shahinyan, David"]
[Black "Petrosyan, Manuel"]
[Result "0-1"]
[ECO "B21"]
[WhiteElo "2441"]
[BlackElo "2616"]
[Annotator "TA"]
[PlyCount "60"]
[EventDate "2024.04.24"]
[EventType "swiss"]
[EventCountry "ARM"]
[SourceTitle "playchess.com"]
[Source "ChessBase"]
[SourceQuality "1"]
[TimeControl "40/5400+30:1800+30"]

1. e4 c5 2. d4 cxd4 3. Qxd4 Nc6 4. Qd3 Nf6 5. Nc3 e6 6. Bf4 d5 7. O-O-O (7. exd5 {should be considered.} Nxd5 8. Nxd5 exd5 9. O-O-O) 7... d4 $11 8. Nb5 {[%emt 0:04:20] The position is equal.} e5 9. Bxe5 Nxe5 10. Qg3 Nfd7 (10... Nxe4 $2 11. Qxe5+ Qe7 12. Nc7+ (12. Qxd4 a6 $18) 12... Kd8 13. Rxd4+ (13. Qxd4+ $2 Kxc7 14. Ne2 Qb4 $19) 13... Nd6 14. Qxe7+ Bxe7 15. Nxa8 $18) 11. f4 (11. Nf3 $1 $11 a6 12. Nxe5 axb5 13. Bxb5 Rxa2 14. Nc4 Ra1+ 15. Kd2 Bb4+ 16. c3 dxc3+ 17. bxc3 Ra2+ (17... O-O 18. cxb4 Nf6+ 19. Kc2 $16) (17... Rxd1+ 18. Rxd1 Be7 19. Qxg7 $14) 18. Ke1 Bxc3+ 19. Qxc3) 11... a6 $17 12. Nxd4 Nc6 13. Ngf3 Nxd4 14. Nxd4 Qc7 15. e5 g6 16. h4 Bh6 17. Kb1 Nc5 18. h5 Ne6 19. hxg6 hxg6 (19... Bxf4 $2 20. Nxe6 Bxe6 21. Qxf4 fxg6 22. Qf6 Bxa2+ 23. Kxa2 $18) 20. Qa3 Qe7 {[%emt 0:03:00] [#] Strongly threatening ...Qxa3.} (20... Nxf4 21. Bb5+ (21. Nb5 Qe7 $11) 21... axb5 22. Qxa8 $18) 21. Qa5 (21. Qf3 $17) 21... Bd7 $2 (21... Nxf4 $19 {...Bg7 is the strong threat.} 22. Nf3 Ne6 23. Bb5+ (23. Bc4 $2 Bg7 $19) 23... Kf8 (23... axb5 24. Qxa8 Qc7 25. Rd3 $15)) 22. f5 $2 {[%emt 0:10:57] Now White is beyond hope.} (22. Qb6 $1 $15) 22... Nxd4 $19 23. Rxd4 Bxf5 {[%emt 0:00:21] Hoping for ...Rd8.} 24. e6 (24. Rdh4 $142 Qg5 25. Bc4) 24... Bg7 (24... fxe6 $2 25. g4 $19) (24... Qxe6 25. Bc4 Qf6 26. Qb4 $19) 25. Rxh8+ {[%emt 0:01:33] Black has a decisive advantage.} Bxh8 {[%emt 0:00:01] A strong pair of Bishops.} 26. exf7+ Kf8 27. Rd1 Rc8 {[%emt 0:00:03] Dodges Bc4} (27... Kxf7 28. Bc4+ Kg7 29. Rh1 $19) (27... Qxf7 28. g4 Be6 (28... Bxg4 29. Qb4+ Qe7 30. Qxg4 $18) 29. Bd3) 28. Bd3 Bxd3 ({Weaker is} 28... Kxf7 29. Bxf5 Rc5 (29... gxf5 $2 30. Qxf5+ Qf6 31. Qd7+ Kg6 32. Rd6 $18) 30. Bxg6+ (30. Qd8 $2 Qxd8 31. Rxd8 Rxf5 $19) 30... Kxg6 31. Qd2 $17) (28... Qxf7 29. Rf1 Qf6 30. Qb4+ Qe7 31. Qf4 $19) 29. Rxd3 Bf6 30. Qd2 Rd8 {[%emt 0:02:26] Weighted Error Value: White=0.41/Black=0.22 (precise) .  Loses game:     	White=1     	---        Missed win:     	---       	Black=1      Mistake:       	White=4     	---        Inaccurate:     	White=2     	Black=1      OK:         	White=8     	Black=12     Best:        	White=3     	Black=2} (30... Kxf7 31. Rd7 Rd8 32. Rxe7+ Bxe7 33. Qf4+ Kg7 34. c3 $18 (34. Qe5+ Kf7 $18)) 0-1

[Event "14th Karen Asrian Memorial 2024"]
[Site "Yerevan"]
[Date "2024.04.27"]
[Round "4.2"]
[White "Ohanyan, Emin"]
[Black "Hayrapetyan, Hovik"]
[Result "1/2-1/2"]
[ECO "D38"]
[WhiteElo "2488"]
[BlackElo "2432"]
[Annotator "TA"]
[PlyCount "71"]
[EventDate "2024.04.24"]
[EventType "swiss"]
[EventCountry "ARM"]
[SourceTitle "playchess.com"]
[Source "ChessBase"]
[SourceQuality "1"]
[TimeControl "40/5400+30:1800+30"]

1. d4 Nf6 2. Nf3 d5 3. c4 e6 4. Nc3 Bb4 5. Bg5 h6 6. Bxf6 Qxf6 7. e3 O-O 8. Rc1 dxc4 9. Bxc4 c5 10. O-O (10. Qb3 {simplifies} cxd4 11. Qxb4 dxc3 12. Qxc3 Qxc3+ 13. Rxc3 Nd7 14. Ke2) 10... cxd4 11. Ne4 Qe7 12. a3 Ba5 13. Qxd4 Rd8 {[%emt 0:02:52] Prevents Qd6.} 14. Qe5 Bb6 15. g4 Nd7 16. Qg3 Nf6 17. Nxf6+ gxf6 18. Qf4 Kg7 19. Qe4 Qd6 {[%emt 0:16:43] Prevents Rfd1} 20. Be2 Qd5 21. Qb4 Bd7 (21... Qd6 {simplifies} 22. Qxd6 Rxd6 23. Rfd1 Rxd1+ 24. Rxd1 Kf8) 22. Rfd1 Qa5 23. Qe7 (23. Qxa5 {simplifies} Bxa5 24. Nd4 Bb6 25. Bf3) 23... Bc6 24. b4 Rxd1+ 25. Rxd1 Bd8 26. Qxe6 fxe6 (26... Qxa3 27. Qc4 Be7 28. b5 Bxf3 29. Bxf3 $18) 27. bxa5 Bxa5 28. Nd4 Bd5 {[%emt 0:00:17] [#]} 29. e4 $1 {[%emt 0:00:19] The position is equal.} Ba2 30. Nb5 Rd8 {[%emt 0:01:07] Prevents Rd7+} 31. Rxd8 Bxd8 32. Nxa7 Bb1 33. Bc4 Bxe4 34. Bxe6 Be7 35. Nb5 Bc6 36. a4 {[%emt 0:00:34] An interesting draw.   Weighted Error Value: White=0.03 (flawless) /Black=0.04 (flawless) .  OK:         	White=19    	Black=13     Best:        	---       	Black=1} 1/2-1/2

[Event "14th Karen Asrian Memorial 2024"]
[Site "Yerevan"]
[Date "2024.04.27"]
[Round "4.3"]
[White "Danielyan, Vahe"]
[Black "Davtyan, Artur"]
[Result "1/2-1/2"]
[ECO "B51"]
[WhiteElo "2331"]
[BlackElo "2474"]
[Annotator "TA"]
[PlyCount "35"]
[EventDate "2024.04.24"]
[EventType "swiss"]
[EventCountry "ARM"]
[SourceTitle "playchess.com"]
[Source "ChessBase"]
[SourceQuality "1"]
[TimeControl "40/5400+30:1800+30"]

1. e4 c5 2. Nf3 d6 3. Bb5+ Nd7 4. a4 Ngf6 5. Nc3 e6 6. a5 a6 7. Be2 Be7 8. O-O {[%emt 0:00:06] White is slightly better.} O-O 9. d3 d5 10. exd5 Nxd5 11. Nxd5 exd5 12. d4 c4 13. b3 cxb3 14. c4 dxc4 15. Bxc4 b5 16. axb6 b2 17. Bxb2 Nxb6 18. Bb3 {[%emt 0:05:01] A rather calm draw.   Weighted Error Value: White=0.09 (flawless) /Black=0.09 (flawless) .  Inaccurate:     	White=3     	Black=1      OK:         	White=4     	Black=5} 1/2-1/2

[Event "14th Karen Asrian Memorial 2024"]
[Site "Yerevan"]
[Date "2024.04.27"]
[Round "4.4"]
[White "Aleksandrov, Aleksej"]
[Black "Pranesh M"]
[Result "0-1"]
[ECO "D38"]
[WhiteElo "2438"]
[BlackElo "2538"]
[Annotator "TA"]
[PlyCount "98"]
[EventDate "2024.04.24"]
[EventType "swiss"]
[EventCountry "ARM"]
[SourceTitle "playchess.com"]
[Source "ChessBase"]
[SourceQuality "1"]
[TimeControl "40/5400+30:1800+30"]

1. d4 d5 2. c4 e6 3. Nc3 Nf6 4. cxd5 exd5 5. Bg5 Bb4 6. e3 h6 7. Bxf6 Qxf6 8. Qa4+ Nc6 9. Nf3 O-O 10. Be2 a6 11. O-O Be6 12. Rfc1 Bd6 13. Qd1 Rae8 14. a3 Nd8 {[%emt 0:08:35] Black has an edge.} 15. b4 c6 16. Na4 $1 g5 17. Nc5 Bc8 18. g3 Qg7 19. Nd3 Bf5 20. Nc5 Re7 21. a4 Bg6 22. b5 axb5 23. axb5 f5 24. bxc6 bxc6 25. Ne5 Bxe5 26. dxe5 Rxe5 27. Bd3 Re7 28. Qc2 ({White should play} 28. Ra8 $11) 28... Nf7 $1 $15 29. Bxf5 (29. Nb3 $15) 29... Bxf5 $17 30. Qxf5 Ne5 31. Qc2 {[%emt 0:00:12] [#]} Qf7 $1 {[%emt 0:01:49] ...Qh5 would now be deadly. Black is more active.} 32. h3 {[%emt 0:04:49] [#]} h5 $1 {[%emt 0:04:57] White must now prevent ...h4.} 33. Ra2 d4 34. exd4 $2 {[%emt 0:00:08][%mdl 8192] This move loses the game for White.} (34. Ra3 $17 {is tougher.}) 34... Nf3+ $19 35. Kh1 (35. Kf1 $142 Kg7 (35... Nxd4 36. Qc4 $11) 36. Qb3) 35... Nxd4 36. Qb1 Ne2 37. Rxe2 Rxe2 38. Nd3 (38. Rf1 $142) 38... Rd2 {[%emt 0:01:08] Threatens to win with ...Qd5+.} 39. Ne1 Rxf2 40. Ng2 Rf1+ 41. Kh2 Rxc1 42. Qxc1 {[%emt 0:00:04][%mdl 4096] Endgame. KQR-KQN} Qd5 43. Qc2 {[%emt 0:00:15] Prevents Rf2} Rf6 {[%emt 0:00:18] Repels Qg6+} 44. h4 (44. Qb2 $142 Rf3 45. Qb8+ Rf8 46. Qb6) 44... gxh4 45. Nxh4 Qf7 {[%emt 0:01:25] ( -> ...Rf2+)} 46. Qc5 (46. Ng2 $19) 46... Rf2+ {[%emt 0:00:47] Black mates.} 47. Kg1 Rf1+ 48. Kg2 Rd1 49. Qg5+ Kh7 {[%emt 0:00:44] Weighted Error Value: White=0.72/Black=0.39.  Loses game:     	White=1     	---        Mistake:       	White=6     	---        Inaccurate:     	White=3     	Black=2      OK:         	White=10    	Black=7      Best:        	White=1     	Black=4      Strong:       	White=1     	Black=3} 0-1

[Event "14th Karen Asrian Memorial 2024"]
[Site "Yerevan"]
[Date "2024.04.27"]
[Round "4.5"]
[White "Sanikidze, Tornike"]
[Black "Davtyan, Arsen"]
[Result "0-1"]
[ECO "C77"]
[WhiteElo "2453"]
[BlackElo "2421"]
[Annotator "TA"]
[PlyCount "120"]
[EventDate "2024.04.24"]
[EventType "swiss"]
[EventCountry "ARM"]
[SourceTitle "playchess.com"]
[Source "ChessBase"]
[SourceQuality "1"]
[TimeControl "40/5400+30:1800+30"]

1. e4 e5 2. Nf3 Nc6 3. Bb5 a6 4. Ba4 Nf6 5. Bxc6 dxc6 6. d3 Bd6 7. O-O Be6 8. Nc3 Qe7 9. Ng5 Bg4 10. f3 Bh5 11. Nh3 h6 12. Ne2 g5 13. Nf2 Bc5 14. Qe1 Bg6 15. Ng3 g4 16. f4 h5 17. fxe5 Qxe5 18. c3 h4 19. Ne2 g3 20. d4 gxf2+ 21. Qxf2 Ng4 22. Bf4 Qe6 23. Qe1 Bb6 24. h3 Nf6 25. Bg5 Nxe4 26. Nf4 Qd6 $1 27. Nxg6 Qxg6 28. Rf6 Qxg5 29. Qxe4+ {[%emt 0:00:04] [#]} Kd8 $1 30. Rf5 Qg6 31. Re1 Kc8 32. c4 Rg8 (32... Rd8 $142 33. c5 Ba5) 33. c5 $19 Ba5 34. Re2 b5 35. Qf3 Kb7 $2 (35... Rd8 $19 36. a3 Kb7 (36... Rxd4 $2 37. b4 $19)) 36. Rf6 $1 $11 Qb1+ 37. Kf2 $2 (37. Kh2 $11 Kb8 (37... Qxa2 $2 38. Rxc6 Kb8 39. b4 $18) 38. Qxc6) 37... Rad8 $19 (37... Qxa2 38. Qxc6+ Kb8 39. b4 $11) 38. a3 $2 (38. Qxc6+ Kb8 39. Qe4 Qxe4 (39... Qxa2 40. b4 $17) 40. Rxe4) 38... Rd5 39. Rxf7 Rdg5 (39... Rg3 $142 40. b4 Rxf3+ 41. Rxf3 Rxd4) 40. g4 $19 hxg3+ 41. Kg2 Qd1 42. b4 Qxd4 43. bxa5 Qxc5 (43... Rxc5 44. Rxc7+ Kxc7 45. Qf7+ Qd7 46. Qxg8 $17) 44. h4 (44. Ree7 $142 Kb8 45. Qe2) 44... R5g7 (44... Rg4 $142 45. Ree7 Qc2+ (45... Rxh4 46. Rxc7+ Kb8 47. Rb7+ Ka8 48. Ra7+ Kb8 49. Rab7+ Ka8 50. Ra7+ Kb8 51. Rab7+ $11) 46. Re2 Qc4) 45. Rf5 $19 Qd4 46. Rc2 (46. Rf6 $142 Qd5 (46... Qxh4 47. Qxc6+ Ka7 48. Qxa6+ Kb8 49. Qxb5+ Kc8 50. Qa6+ Kd8 51. Qa8+ Kd7 52. Qd5+ Kc8 53. Qe6+ Rd7 54. Qa6+ Kb8 55. Rb2+) 47. Qxd5 cxd5 48. a4) 46... Rg6 $19 ({Stronger than} 46... Qxh4 47. Qxc6+ Ka7 (47... Kb8 48. Rxb5+ axb5 49. Qxb5+ Ka7 50. Qc5+ Kb8 51. Qb5+ Kc8 52. Qa6+ Kd8 53. Qa8+ Kd7 54. Qc6+ Kc8 55. Qa6+ Kd8 56. Qa8+ Kd7 57. Qc6+ Kc8 58. Qa6+ $11) 48. Qc5+ Kb8 (48... Kb7 49. Qc6+ Ka7 50. Qc5+ Kb7 51. Qc6+ $11) 49. Rf8+ Rxf8 50. Qxf8+ Ka7 (50... Kb7 51. Qf3+ Ka7 52. Qe3+ Kb7 53. Qf3+ Ka7 54. Qe3+ Kb7 55. Qf3+ $11) 51. Qc5+ Kb7 52. Qc6+ Ka7 (52... Kb8 53. Qe8+ Kb7 54. Qc6+ Ka7 55. Qc5+ Kb8 56. Qf8+ Kb7 57. Qf3+ Ka7 58. Qe3+ Kb7 59. Qf3+ Ka7 60. Qe3+ Kb8 61. Qe8+ Kb7 62. Qc6+ $11) 53. Qc5+ Kb7 54. Qc6+ Ka7 (54... Kb8 55. Qe8+ Ka7 56. Qe3+ Kb7 57. Qf3+ Kb8 58. Qf8+ Ka7 59. Qc5+ $11) 55. Qc5+ $11) 47. Rf4 Qd5 48. Qxd5 cxd5 49. h5 (49. Rc5 $142) 49... Rg4 $19 50. Rf7 {[%emt 0:00:31] [#]} Rc4 $1 ({Not} 50... Rc8 51. Rc5 $17) 51. Rd2 $2 (51. Re2 {was forced.} d4 52. Rd2) 51... Rh4 $19 52. Kf3 g2 53. Rxg2 Rxg2 54. Kxg2 Rxh5 55. Kg3 Re5 56. Kf4 Re4+ 57. Kf5 Re3 58. Kf4 Rxa3 59. Ke5 Rxa5 60. Kxd5 Ra1 0-1

[Event "14th Karen Asrian Memorial 2024"]
[Site "Yerevan"]
[Date "2024.04.27"]
[Round "4.6"]
[White "Korshunov, Sergey And."]
[Black "Pogosyan, Stefan"]
[Result "0-1"]
[ECO "B47"]
[WhiteElo "2286"]
[BlackElo "2387"]
[Annotator "TA"]
[PlyCount "96"]
[EventDate "2024.04.24"]
[EventType "swiss"]
[EventCountry "ARM"]
[SourceTitle "playchess.com"]
[Source "ChessBase"]
[SourceQuality "1"]
[TimeControl "40/5400+30:1800+30"]

1. e4 c5 2. Nf3 Nc6 3. Nc3 e6 4. d4 cxd4 5. Nxd4 Qc7 6. g3 a6 7. Bg2 Nf6 8. O-O Nxd4 9. Qxd4 Bc5 10. Bf4 d6 11. Qd2 h6 12. Rad1 e5 13. Be3 Be6 14. Bxc5 dxc5 15. Nd5 Bxd5 {[%emt 0:00:27] White is slightly better.} 16. exd5 {[%emt 0:01:36] Hoping for d6.} Qd6 17. f4 {[%emt 0:01:39] Threatens to win with fxe5.} exf4 18. Rfe1+ (18. Qxf4 {simplifies} O-O-O 19. a3 Qxf4 20. Rxf4 Kc7 21. b4) 18... Kd8 19. Qa5+ (19. Qxf4 {simplifies} Qxf4 20. gxf4 Kd7 21. d6) 19... b6 20. Qa4 Re8 21. Rf1 (21. Qxf4 Qxf4 22. gxf4 Kd7 $17) (21. Rxe8+ $11 {keeps the balance.} Nxe8 22. Rf1) 21... fxg3 $17 22. Qc6 Qxc6 (22... gxh2+ 23. Kh1 Qxc6 24. dxc6+ Ke7 (24... Kc7 25. Rxf6 gxf6 26. Rd7+ Kc8 27. Rxf7 $16) 25. c7 $11) 23. dxc6+ Kc8 $1 24. hxg3 {[%emt 0:01:15][%cal Of1f6] Strongly threatening Rxf6!} Ra7 $1 (24... Kc7 $2 25. Rxf6 gxf6 26. Rd7+ Kc8 27. Rxf7 $18) 25. a4 (25. Bh3+ $17 {is a better defense.} Kc7 26. Bg2) 25... Rae7 $1 $19 26. a5 b5 (26... bxa5 27. Ra1 $15) 27. Bf3 Rd8 28. Rde1 Rxe1 29. Rxe1 {[%emt 0:00:03][%mdl 4096] Endgame. KRB-KRN} Re8 {[%emt 0:00:07] Prevents Re7.} 30. Rd1 Kc7 31. c3 (31. g4 $142) 31... c4 32. Kf2 h5 33. Rd2 Re7 34. Rd4 g6 35. Kf1 Ne8 36. g4 hxg4 37. Rxg4 Nd6 38. Rh4 Re8 39. Rh7 Rf8 (39... Re3 $142 40. Kf2 Rd3) 40. Kf2 Nc8 41. Rh4 (41. Bd5 $17) 41... Ne7 $1 42. Rf4 {[%emt 0:00:04] [#]} g5 $1 (42... Nxc6 43. Bxc6 Kxc6 44. Rf6+ Kd5 45. Rxa6 $17) 43. Rg4 {[%emt 0:07:38] [#]} Rg8 (43... Nxc6 44. Bxc6 Kxc6 45. Rxg5 $15) 44. Rd4 Rd8 {[%emt 0:01:36] Inhibits Rd7+. ...Rxd4 would now be deadly.} 45. Rg4 f6 ({Not} 45... Nxc6 46. Bxc6 Kxc6 47. Rxg5 $19) 46. Re4 Nxc6 {[%emt 0:00:07] Black is clearly winning.} 47. Re6 Rd6 ({Less strong is} 47... Nxa5 48. Rxa6 Rd2+ 49. Ke3 $17) 48. Re8 Nxa5 {[%emt 0:00:39] Weighted Error Value: White=0.27 (precise) /Black=0.06 (flawless) .  Mistake:       	White=4     	Black=1      Inaccurate:     	White=3     	---        OK:         	White=10    	Black=20     Best:        	White=1     	Black=2      Strong:       	---       	Black=5} 0-1

[Event "14th Karen Asrian Memorial 2024"]
[Site "Yerevan"]
[Date "2024.04.27"]
[Round "4.7"]
[White "Hakobyan, Erik"]
[Black "Hovakimyan, Vache"]
[Result "1-0"]
[ECO "C84"]
[WhiteElo "2383"]
[BlackElo "2202"]
[Annotator "TA"]
[PlyCount "75"]
[EventDate "2024.04.24"]
[EventType "swiss"]
[EventCountry "ARM"]
[SourceTitle "playchess.com"]
[Source "ChessBase"]
[SourceQuality "1"]
[TimeControl "40/5400+30:1800+30"]

1. e4 e5 2. Nf3 Nc6 3. Bb5 a6 4. Ba4 Nf6 5. O-O Be7 6. d3 b5 7. Bb3 d6 8. Bd2 O-O 9. h3 a5 10. a4 {[%emt 0:00:19] The position is equal.} b4 11. Re1 Be6 12. Bxe6 fxe6 13. Be3 Qe8 14. Nbd2 Nh5 15. c3 Rb8 16. d4 bxc3 17. bxc3 exd4 18. cxd4 Nf4 {[%emt 0:04:05] [#]} (18... d5 $11) 19. Bxf4 $1 $16 Rxf4 20. Rc1 Bd8 {[%emt 0:08:43] [#]} 21. Nc4 ({White should play} 21. Nb3 $1 $16) 21... Qg6 ({Better is} 21... Ra8 $1 $14) 22. Ncd2 (22. Nxd6 $1 $16 {Hoping for Nb5.} cxd6 23. Rxc6) 22... Nb4 23. Re3 {[%emt 0:01:20] Wards off Nd3} c6 24. Qe2 Bc7 25. Ne1 Bb6 26. Rf3 Rxf3 27. Ndxf3 c5 (27... h6 $11) 28. dxc5 $14 Bxc5 29. e5 Nd5 30. Nd3 Ba3 31. Rc6 Rb3 $2 {[%emt 0:00:32][%mdl 8192] [#] Black cannot hold the game after this.} (31... dxe5 $16 32. Nfxe5 (32. Ndxe5 Nf4 $14) 32... Qe8) 32. exd6 $1 {[%emt 0:02:53] Threatening mate with Rc8+. White is clearly winning.} h6 (32... Qe8 33. Nde5) 33. d7 Be7 34. Nfe5 Qf6 35. Rc8+ Kh7 36. Qe4+ (36. Qc2 $142 Rxd3 37. Qxd3+ g6 38. Nxg6 Qxg6 39. Rh8+ (39. d8=Q Bxd8 40. Qxg6+ Kxg6 $18) 39... Kg7 40. Rg8+ (40. d8=Q Qxd3 41. Qg8+ Kf6 $18) 40... Kxg8 41. Qxg6+ Kf8 42. Qxh6+ (42. Qxe6 Nf6 $18) 42... Kf7 43. Qh7+ Kf6 44. Qh8+ (44. Qg8 Kf5 $18) 44... Kf7 45. Qe8+ (45. d8=B Ba3 $18) (45. d8=N+ Bxd8 46. Qxd8 Ne7 $18) (45. d8=R Bxd8 46. Qxd8 Ne7 $18) 45... Kf6 46. d8=Q (46. d8=B Bxd8 47. Qxd8+ Ke5 $18) (46. d8=N Kf5 $18) (46. d8=R Bxd8 47. Qxd8+ Kf7 $18) 46... Bxd8 47. Qxd8+ Kf7 48. Qxa5) 36... g6 37. d8=R Bxd8 {[%emt 0:00:19] [#]} 38. Rxd8 $1 {[%emt 0:00:11][%mdl 512] Weighted Error Value: White=0.20 (precise) /Black=0.24 (precise) .  Loses game:     	---       	Black=1      Mistake:       	White=2     	Black=3      Inaccurate:     	White=4     	Black=4      OK:         	White=11    	Black=7      Strong:       	White=1     	---} 1-0

[Event "14th Karen Asrian Memorial 2024"]
[Site "Yerevan"]
[Date "2024.04.27"]
[Round "4.8"]
[White "Nigalidze, Gaioz"]
[Black "Kaganskiy, Gleb"]
[Result "1/2-1/2"]
[ECO "A17"]
[WhiteElo "2373"]
[BlackElo "2160"]
[Annotator "TA"]
[PlyCount "123"]
[EventDate "2024.04.24"]
[EventType "swiss"]
[EventCountry "ARM"]
[SourceTitle "playchess.com"]
[Source "ChessBase"]
[SourceQuality "1"]
[TimeControl "40/5400+30:1800+30"]

1. d4 d5 2. c4 e6 3. cxd5 exd5 4. Nc3 c6 5. Nf3 Bf5 6. g3 Nf6 7. Bg2 Bd6 {[%emt 0:01:28] 7...h6 is more advanced technology.} 8. O-O O-O 9. Bf4 {[%emt 0:00:10] A17: English Opening: 1...Nf6 with ...Bb4.} Re8 10. Rc1 $146 ({Predecessor:} 10. Bxd6 Qxd6 11. Ne5 Nfd7 12. f4 Na6 13. g4 Be6 14. f5 Nxe5 15. dxe5 Qc5+ 16. Kh1 Bd7 {0-1 Krzyzanowski,M (2521)-Villegas,P (2364) Titled Tuesday intern op 7th July blitz 2020 (5)}) 10... Ne4 11. Bxd6 Nxd6 12. Ne5 Nd7 13. Nf3 h6 14. e3 Qf6 15. Nh4 Be6 16. a4 a5 17. Re1 g5 18. Nf3 Bg4 19. h3 Bh5 20. g4 Bg6 21. Nd2 Qh8 22. Nf1 h5 23. b3 Nf6 24. f3 Re7 25. Qd2 Qh6 26. Qf2 (26. Nd1 $11) 26... Rae8 $15 27. Ng3 hxg4 28. hxg4 Qh4 (28... Kg7 {with more complications.} 29. Rcd1 Rh8 30. Bf1 Qh7) 29. Nf1 Qh7 30. Nd1 Nd7 31. Nc3 Nf6 (31... f5 $17 {White must now prevent ...fxg4.} 32. gxf5 Nxf5) 32. Ng3 {[%emt 0:04:39] [#]} (32. Nd1 $11 {keeps the balance.}) 32... Nde4 (32... Kg7 $1 $17) 33. Ncxe4 $11 (33. fxe4 $2 {too greedy.} Nxg4 $19) 33... dxe4 34. Rc5 exf3 35. Bxf3 Qh4 36. Nf5 Bxf5 37. Qxh4 gxh4 38. Rxf5 Kg7 39. Rg5+ Kf8 40. Kf2 Ne4+ 41. Bxe4 Rxe4 42. Re2 f6 43. Rxa5 Rxg4 44. Rh5 Kg7 45. Kf3 Ree4 46. Rh2 Kg6 47. Rh8 Kf5 48. Rh3 Rg1 49. Rh5+ (49. R3xh4 {simplifies} Rxh4 50. Rxh4 Rb1 51. Rf4+) 49... Kg6 50. R5xh4 Rxh4 51. Rxh4 Rb1 52. d5 Rxb3 53. dxc6 bxc6 54. Rc4 Ra3 55. Ke4 Kf7 56. Kd4 Ke7 57. Kc5 Rxe3 58. Kxc6 Ra3 59. Kb6 Rb3+ 60. Kc6 Ra3 61. Kb6 Rb3+ 62. Kc6 1/2-1/2

[Event "14th Karen Asrian Memorial 2024"]
[Site "Yerevan"]
[Date "2024.04.28"]
[Round "5.1"]
[White "Petrosyan, Manuel"]
[Black "Pranesh M"]
[Result "1/2-1/2"]
[ECO "C54"]
[WhiteElo "2616"]
[BlackElo "2538"]
[Annotator "TA"]
[PlyCount "41"]
[EventDate "2024.04.24"]
[EventType "swiss"]
[EventCountry "ARM"]
[SourceTitle "playchess.com"]
[Source "ChessBase"]
[SourceQuality "1"]
[TimeControl "40/5400+30:1800+30"]

1. e4 e5 2. Nf3 Nc6 3. Bc4 Nf6 4. d3 Bc5 5. O-O d6 6. c3 a6 7. a4 Ba7 8. Re1 O-O 9. h3 {[%emt 0:00:11] White has an edge.} h6 10. Nbd2 Ne7 11. Nf1 Ng6 12. Ng3 c6 13. Bb3 Re8 14. d4 Be6 15. Bxe6 Rxe6 16. Be3 Qc7 17. dxe5 dxe5 18. Bxa7 Rxa7 19. Qb3 Ra8 20. Rad1 Ree8 21. Nf5 {[%emt 0:08:31] Weighted Error Value: White=0.07 (flawless) /Black=0.05 (flawless) .  Inaccurate:     	White=1     	Black=1      OK:         	White=6     	Black=2} 1/2-1/2